 Dungeon Crawl Stone Soup version 0.25-a0-424-g80bd347ae0 (webtiles) character file.

Game seed: 4800021846964496022, levelgen mode: deterministic

2112 DannyTheDog the Skirmisher (level 9, -26/75 HPs)
             Began as a Grey Draconian Ice Elementalist on Jan 22, 2020.
             Was a Believer of the Shining One.
             Engulfed by a cloud of freezing vapour (39 damage)
             ... on level 6 of the Dungeon.
             The game lasted 00:41:52 (7860 turns).

DannyTheDog the Skirmisher (DrIE)                   Turns: 7860, Time: 00:41:53

Health: -26/75     AC: 14    Str: 12    XL:     9   Next: 8%
Magic:  0/16       EV: 16    Int: 16    God:    the Shining One [**....]
Gold:   266        SH:  0    Dex: 13    Spells: 13/17 levels left

rFire    + . .     SeeInvis .   d - +2 falchion (holy)
rCold    . . .     Gourm    .   (no shield)
rNeg     + . .     Faith    .   (armour unavailable)
rPois    .         Spirit   +   (helmet restricted)
rElec    .         Reflect  .   t - +0 cloak
rCorr    .         Harm     .   r - +0 pair of gloves
MR       .....                  (no boots)
Stlth    +.........             k - amulet of guardian spirit
HPRegen  0.22/turn              g - +2 ring of evasion
MPRegen  0.15/turn              p - ring of protection from fire

@: about to teleport, slowed, glowing, very slow
A: walk through water, unfitting armour, unbreathing, cold-blooded, AC +12
a: Divine Shield, Renounce Religion


You were on level 6 of the Dungeon.
You worshipped the Shining One.
The Shining One was pleased with you.
You were very hungry.

You visited 1 branch of the dungeon, and saw 7 of its levels.

You collected 266 gold pieces.

Inventory:

Hand Weapons
 c - a +0 mace of venom
 d - a +2 falchion of holy wrath (weapon)
 q - a +1 hand axe of electrocution
Armour
 r - a +0 pair of gloves (worn)
 t - a +0 cloak (worn)
Jewellery
 g - a +2 ring of evasion (left hand)
 k - an amulet of guardian spirit (around neck)
 n - an uncursed ring of fire
 p - a ring of protection from fire (right hand)
Wands
 m - a wand of acid (13)
Scrolls
 a - a scroll of fear
 i - a scroll of silence {unknown}
 j - 2 scrolls of immolation {unknown}
 s - a scroll of random uselessness {unknown}
 v - a scroll of enchant weapon {unknown}
 x - a scroll of identify
 y - a scroll of amnesia {unknown}
Potions
 e - 3 potions of curing {unknown}
 f - 2 potions of flight {unknown}
 l - 2 potions of haste {unknown}
 o - a potion of cancellation {unknown}
 u - a potion of degeneration {unknown}
Comestibles
 b - 8 rations


   Skills:
 + Level 6.0 Fighting
 * Level 2.9 Long Blades
 - Level 1.3(2.3) Axes
 - Level 3.0(3.2) Maces & Flails
 + Level 4.4 Dodging
 + Level 4.9 Stealth
 + Level 4.6 Spellcasting
 - Level 5.3 Ice Magic
 + Level 2.9 Invocations


You had 13 spell levels left.
You knew the following spells:

 Your Spells              Type           Power        Failure   Level  Hunger
a - Freeze                Ice            ###.         1%          1    None
b - Ozocubu's Armour      Chrm/Ice       ##......     16%         3    ###....

Your spell library contained the following spells:

 Spells                   Type           Power        Failure   Level  Hunger
 Ensorcelled Hibernation  Hex/Ice        ##....       8%          2    ##.....
 Hailstorm                Conj/Ice       ##......     45%         4    ####...
 Summon Ice Beast         Ice/Summ       ##......     45%         4    ####...
 Borgnjor's Vile Clutch   Necr/Erth      #.........   99%         5    ######.
 Silence                  Hex/Air        #.........   99%         5    ######.
 Darkness                 Hex            #.........   100%        6    #######
 Shadow Creatures         Summ           N/A          100%        6    #######


Dungeon Overview and Level Annotations

Branches:
Dungeon (7/15)             Temple (0/1) D:5

Altars:
Fedhas
Sif Muna
Uskayaw
Xom
The Shining One

Shops:
D:5 }


Innate Abilities, Weirdness & Mutations

You can walk through water.
Your dull iron-grey scales are very hard. (AC +12)
You cannot fit into any form of body armour.
You can survive without breathing.
You are cold-blooded and may be slowed by cold attacks.


Message History

y - a scroll labeled MIROWKEQIT
Found 7 boomerangs.
There is an open door here.
You are engulfed in freezing vapours.
You are engulfed in freezing vapours.
You are feeling very hungry.
You are engulfed in freezing vapours.
You feel yourself slow down.
You are engulfed in freezing vapours.
You are engulfed in freezing vapours.
You feel as though you will be slow longer.
* * * LOW HITPOINT WARNING * * *
You are engulfed in freezing vapours.
* * * LOW HITPOINT WARNING * * *
You feel much better.
You are engulfed in freezing vapours.
You feel as though you will be slow longer.
* * * LOW HITPOINT WARNING * * *
As you read the scroll of teleportation, it crumbles to dust.
You feel strangely unstable.
You are engulfed in freezing vapours.
Ouch! That really hurt!
You die...

#...........#......+............
#...........#......#.....###....
#...........#......#......#.....
#...........#......######.#.....
##################...............
##########################.##....
##??($:..§§§§§§○○○○○○## #..#....
####################§## ##.#....
##.......○○○○§§§@§§§.## #.#....
###'################### #.##'##
###.################### #..#.#
....# ###.#.## ##### #.......
#.##...# #.##.#.# #.##...#
#.###..#


There were no monsters in sight!

Vanquished Creatures
  Menkaure (D:6)
  Edmund (D:6)
  Duvessa (D:6)
  A sky beast (D:5)
  A necrophage (D:6)
  A centaur (D:4)
  A bullfrog (D:3)
  Dowan (D:6)
  3 scorpions (D:4)
  2 howler monkeys
  7 crimson imps
  A hound (D:5)
  7 orc priests
  A jelly (D:5)
  3 orc wizards
  Crazy Yiuf (D:5)
  4 bullfrog skeletons
  A centaur skeleton (D:6)
  An iguana (D:7)
  6 worker ants
  A worker ant zombie (D:5)
  3 gnolls (D:4)
  A howler monkey skeleton (D:5)
  9 adders
  3 oozes
  An adder zombie (D:6)
  3 adder skeletons (D:4)
  5 dart slugs
  2 leopard geckos
  12 orcs
  4 giant cockroaches
  3 goblins
  9 hobgoblins
  6 jackals
  7 kobolds
  A quokka (D:2)
  4 bats
  7 frilled lizards
  A quokka zombie (D:6)
  6 rats
  5 fungi (D:5)
138 creatures vanquished.

Notes
Turn   | Place    | Note
-------+----------+-------------------------------------------
     0 | D:1      | DannyTheDog the Draconian Ice Elementalist began the quest
                  | for the Orb.
     0 | D:1      | Reached XP level 1. HP: 14/14 MP: 3/3
   288 | D:1      | Reached XP level 2. HP: 19/20 MP: 3/5
   556 | D:1      | Reached skill level 1 in Fighting
   659 | D:1      | Reached XP level 3. HP: 28/28 MP: 1/6
  1506 | D:2      | Reached XP level 4. HP: 20/36 MP: 7/7
  1666 | D:2      | Found a glowing golden altar of the Shining One.
  1671 | D:2      | Became a worshipper of the Shining One
  1947 | D:2      | Found a hide-covered altar of Uskayaw.
  1949 | D:2      | Found a shimmering blue altar of Sif Muna.
  1955 | D:2      | Reached skill level 2 in Fighting
  2349 | D:3      | Noticed a bullfrog
  2364 | D:3      | Killed a bullfrog
  2364 | D:3      | Reached skill level 1 in Maces & Flails
  2364 | D:3      | Reached XP level 5. HP: 35/42 MP: 4/8
  2768 | D:3      | Found a shimmering altar of Xom.
  2804 | D:3      | Reached skill level 3 in Fighting
  2813 | D:3      | Reached XP level 6. HP: 51/51 MP: 4/10
  3429 | D:4      | Reached skill level 5 in Ice Magic
  3506 | D:4      | Reached * piety under the Shining One
  3551 | D:4      | Your scales start taking on a dull iron-grey colour.
  3551 | D:4      | Reached XP level 7. HP: 31/58 MP: 8/11
  3551 | D:4      | Gained mutation: You can survive without breathing. [Grey
                  | Draconian growth]
  3817 | D:4      | Reached skill level 4 in Fighting
  4026 | D:4      | Found a blossoming altar of Fedhas.
  4723 | D:5      | Entered Level 5 of the Dungeon
  5544 | D:4      | Learned a level 3 spell: Ozocubu's Armour
  5583 | D:5      | Reached skill level 5 in Fighting
  5716 | D:5      | Reached XP level 8. HP: 67/68 MP: 9/13
  5752 | D:5      | Found Ippiav's Gadget Shoppe.
  5904 | D:5      | Reached skill level 1 in Invocations
  6219 | D:5      | Found a staircase to the Ecumenical Temple.
  6524 | D:5      | Found a runed translucent door.
  6525 | D:5      | Noticed Crazy Yiuf
  6541 | D:5      | Killed Crazy Yiuf
  6632 | D:6      | Noticed Menkaure
  6639 | D:6      | Killed Menkaure
  6639 | D:6      | Reached skill level 1 in Axes
  6876 | D:6      | Reached ** piety under the Shining One
  6897 | D:6      | Noticed Dowan
  6924 | D:6      | Killed Dowan
  6924 | D:6      | Noticed Duvessa
  6950 | D:6      | Killed Duvessa
  6950 | D:6      | Reached skill level 1 in Long Blades
  7235 | D:6      | Noticed Edmund
  7250 | D:6      | Killed Edmund
  7632 | D:6      | Reached XP level 9. HP: 70/75 MP: 13/15
  7749 | D:6      | Reached skill level 6 in Fighting
  7860 | D:6      | Engulfed by a cloud of freezing vapour

Levels and vault maps discovered:
D:1:      lightli_arrival_chessboard, layout_loops_cross, minmay_misc_feat_rows,
          minivault_19
D:2:      layout_basic, nicolae_overflow_hidden_temple, tso_metal_star
D:3:      layout_rooms, led_xom_imps, first_ration
D:4:      layout_basic, fedhas_bush_and_centaur_altar,
          kennysheep_generic_room_12
D:5:      layout_loops_ring, minmay_temple_entry_statues, serial_shops, shop,
          uniq_crazy_yiuf_cottage
D:6:      lemuel_ice_spiral_2, layout_basic, uniq_edmund, uniq_menkaure,
          uniq_duvessa
D:7:      layout_basic, minitemple

Skill      XL: |  1  2  3  4  5  6  7  8  9 |
---------------+----------------------------+-----
Stealth        | 2 3 4 |  4.9
Fighting       | 1 2 3 5 6 |  6.0
Dodging        | 2 3 4 |  4.4
Maces & Flails | 1 2 3 |  3.0
Spellcasting   | 3 4 |  4.6
Ice Magic      | 5 |  5.3
Invocations    | 2 |  2.9
Axes           | 1 |  1.3
Long Blades    | 2 |  2.9

Action                   |  1- 3 |  4- 6 |  7- 9 || total
-------------------------+-------+-------+-------++-------
Melee: Unarmed           |    13 |       |       ||    13
       Tailslap          |     9 |    12 |    31 ||    52
       Mace              |    40 |   100 |    65 ||   205
       Hand axe          |       |       |    60 ||    60
       Falchion          |       |       |    62 ||    62
 Cast: Freeze            |    38 |    29 |    39 ||   106
       Ozocubu's Armour  |       |       |     8 ||     8
  Use: Scroll            |       |       |    12 ||    12
       Potion            |       |       |     1 ||     1
 Stab: Sleeping          |     1 |       |       ||     1
  Eat: Chunk             |     1 |     5 |     3 ||     9
       Ration            |     1 |       |     3 ||     4
Armor: Skin              |    21 |    42 |    93 ||   156
Dodge: Dodged            |    53 |    93 |   161 ||   307
       Rpst.: Falchion   |       |       |    22 ||    22

Table legend:
 A = Non-vault XP
 B = Vault XP
 C = Vault XP percentage of total XP
 D = Non-vault monster count
 E = Vault monster count
 F = Vault count percentage of total count
                 A         B        C        D         E       F
            +---------+---------+-------+---------+---------+-------
      Total |    2164 |     854 |  28.3 |     123 |      10 |   7.5
            +---------+---------+-------+---------+---------+-------
        D:1 |      56 |       0 |   0.0 |      24 |       0 |   0.0
        D:2 |      81 |       0 |   0.0 |      19 |       0 |   0.0
        D:3 |     143 |     148 |  50.9 |      18 |       3 |  14.3
        D:4 |     501 |     123 |  19.7 |      21 |       2 |   8.7
        D:5 |     649 |      41 |   5.9 |      22 |       1 |   4.3
        D:6 |     698 |     542 |  43.7 |      18 |       4 |  18.2
        D:7 |      36 |       0 |   0.0 |       1 |       0 |   0.0
            +---------+---------+-------+---------+---------+-------
